 Dungeon Crawl Stone Soup version 0.31.0-11-ge490571c62 (webtiles) character file.

Game seed: 15618554265441423971

345 Demosthentine the Ducker (level 6, -3/49 HPs)
             Began as a Demonspawn Gladiator on Feb 3, 2024.
             Killed from afar by Dowan (14 damage)
             ... with a shard of ice
             ... on level 4 of the Dungeon.
             The game lasted 00:04:59 (2326 turns).

Demosthentine the Ducker (Demonspawn Gladiator)     Turns: 2326, Time: 00:05:00

Health: -3/49      AC:  5    Str: 16    XL:     6   Next: 32%
Magic:  6/6        EV: 13    Int:  8    God:
Gold:   195        SH:  0    Dex: 15    Spells: 5/5 levels left

rFire   + . .        a - +0 trident
rCold   + . .        (no shield)
rNeg    . . .        b - +1 leather armour
rPois   .            (helmet restricted)
rElec   .            l - scarf {rC+ rF+}
rCorr   .            (no gloves)
SInv    .            (no boots)
Will    .....        (no amulet)
Stlth   +            (no ring)
HPRegen 0.28/turn    (no ring)
MPRegen 0.10/turn

%: no passive effects
@: no status effects
A: horns 1, rugged brown scales 1, spiny 1
a: no special abilities


You were on level 4 of the Dungeon.
You visited 1 branch of the dungeon, and saw 4 of its levels.

You collected 195 gold pieces.

Inventory:

Hand Weapons
 a - a +0 trident (weapon)
Missiles
 d - a throwing net (quivered)
 e - a javelin
Armour
 b - a +1 leather armour (worn)
 l - a scarf of resistance (worn)
Jewellery
 n - an amulet of regeneration
Wands
 k - a wand of polymorph (8)
 o - a wand of flame (17)
Scrolls
 g - a scroll of silence
 h - a scroll of teleportation
 j - a scroll of fog
Potions
 c - 2 potions of might
 f - 2 potions of lignification {unknown}
 i - 2 potions of invisibility {unknown}


   Skills:
 + Level 3.7 Fighting
 + Level 3.9 Polearms
 - Level 1.7 Throwing
 + Level 2.7 Armour
 + Level 4.0 Dodging


You had 5 spell levels left.
You didn't know any spells.
Your spell library contained the following spells:

 Spells                   Type           Power      Damage    Failure   Level
 Lesser Beckoning         Tloc           0%         N/A       61%         2
 Gell's Gravitas          Tloc           0%         N/A       83%         3
 Inner Flame              Hex/Fire       0%         N/A       83%         3
 Summon Ice Beast         Ice/Summ       0%         N/A       83%         3
 Teleport Other           Tloc           0%         N/A       83%         3
 Flame Wave               Conj/Fire      0%         2d4       99%         4
 Sticky Flame             Fire/Alch      0%         2d4       99%         4
 Alistair's Intoxication  Alch           0%         N/A       100%        5
 Borgnjor's Vile Clutch   Necr/Erth      0%         N/A       100%        5
 Summon Mana Viper        Hex/Summ       0%         N/A       100%        5
 Eringya's Noxious Bog    Alch           0%         4d6       100%        6
 Monstrous Menagerie      Summ           0%         N/A       100%        7


Dungeon Overview and Level Annotations

Branches:
Dungeon (4/15)
 Temple: D:4-7

Altars:
Qazlal

Annotations:
D:4 Dowan


Innate Abilities, Weirdness & Mutations

You have a pair of small horns on your head.
You are partially covered in rugged brown scales. (AC +1, +3% HP)
You are partially covered in sharp spines.


Message History

Duvessa is heavily wounded.
Duvessa hits you with a +0 rapier!
You hit Duvessa. You headbutt Duvessa.
Duvessa is severely wounded.
Duvessa hits you with a +0 rapier.
You are too injured to fight recklessly!
You are too injured to fight recklessly!
You are too injured to fight recklessly!
You feel better. Duvessa hits you but does no damage.
Dowan casts a spell at Duvessa.
Duvessa seems to speed up.
You puncture Duvessa!
You kill Duvessa!
Dowan screams, "No!
Oh no!"
Dowan seems to find hidden reserves of power!
Dowan mumbles some strange words.
Dowan blinks!
Your Dodging skill increases to level 4!
You have reached level 6!
Dowan casts a spell.
Dowan blinks!
Things that are here:
a +0 rapier; a +0 leather armour; the elf corpse of Duvessa Dowan points at you and mumbles some strange words.
The stone arrow hits you!
You closely miss Dowan.
Dowan is severely wounded.
Dowan casts a spell at you. The shard of ice hits you. You partially resist.
Unknown command.
You hit Dowan.
Dowan is severely wounded.
Dowan hits you with a +0 dagger.
* * * LOW HITPOINT WARNING * * *
Dowan is struck by your spines. Dowan hits you but does no damage.
You completely miss Dowan. You headbutt Dowan.
Dowan is almost dead.
Dowan points at you and mumbles some strange words.
The shard of ice hits you! You partially resist.
You die...

####### #. ####....$# #.
.........### #.##
#........# #...
#?.....#)# ###..#
#......#.# #....#
#.######@# #.##.# # #e#
#.##.## #.####.#...###
####........#...#
#......†#.#...#.###
#.#####.#.#####...##
####.#####.#.####.###.#.
.......<.....#....# .#.
####.#####.###.##.###.##


You could see Dowan (fast).

Vanquished Creatures
  Duvessa (D:4)
  An ogre (D:4)
  A hound (D:4)
  An orc priest (D:4)
  2 adders
  6 dart slugs
  3 ribbon worms
  10 endoplasms
  3 giant cockroaches
  3 goblins
  3 hobgoblins
  4 jackals (D:1)
  A quokka (D:1)
  8 ball pythons
  6 bats
  8 frilled lizards
  7 kobolds
  4 rats
72 creatures vanquished.

Notes
Turn   | Place    | Note
-------+----------+-------------------------------------------
     0 | D:1      | Demosthentine the Demonspawn Gladiator began the quest for
                  | the Orb.
     0 | D:1      | Reached XP level 1. HP: 16/16 MP: 1/1
   150 | D:1      | Gained mutation: You have a pair of small horns on your
                  | head. [demonic ancestry]
   150 | D:1      | Reached XP level 2. HP: 18/22 MP: 2/2
   351 | D:1      | Reached skill level 3 in Dodging
   373 | D:1      | Reached skill level 1 in Armour
   436 | D:1      | Reached XP level 3. HP: 28/28 MP: 3/3
  1031 | D:2      | Found a stormy altar of Qazlal.
  1231 | D:2      | Gained mutation: You are partially covered in sharp spines.
                  | [demonic ancestry]
  1231 | D:2      | Reached XP level 4. HP: 34/34 MP: 4/4
  2164 | D:4      | Gained mutation: You are partially covered in rugged brown
                  | scales. (AC +1, +3% HP) [demonic ancestry]
  2164 | D:4      | Reached XP level 5. HP: 34/42 MP: 5/5
  2199 | D:4      | Noticed an ogre
  2208 | D:4      | Killed an ogre
  2295 | D:4      | Noticed Dowan
  2297 | D:4      | Noticed Duvessa
  2320 | D:4      | Killed Duvessa
  2321 | D:4      | Reached skill level 4 in Dodging
  2321 | D:4      | Reached XP level 6. HP: 28/49 MP: 6/6
  2326 | D:4      | Killed from afar by Dowan

Illustrated notes

Levels and vault maps discovered:
D:1:      matt_arrival_los_fun, layout_loops_ring, grunt_decor_cap, hex_large,
          minmay_surrounded
D:2:      layout_loops_cross, basic_altar
D:3:      layout_loops_ring
D:4:      layout_loops_cross, mainiacjoe_overflow_tiny_flanked, uniq_duvessa

Skill      XL: |  1  2  3  4  5 |
---------------+----------------+-----
Dodging        | 3 4 |  4.0
Polearms       | 3 |  3.9
Armour         | 1 2 |  2.7
Fighting       | 3 |  3.7
Throwing       | |  1.7

Action                     |  1- 3 |  4- 6 || total
---------------------------+-------+-------++-------
  Melee: Trident           |   116 |    84 ||   200
         Headbutt          |     9 |     9 ||    18
  Throw: Throwing net      |       |     3 ||     3
    Use: Scroll            |     3 |     4 ||     7
         Potion            |       |     1 ||     1
   Stab: Sleeping          |     4 |     4 ||     8
         Held in net/web   |       |     2 ||     2
 Armour: Leather armour    |    47 |    26 ||    73
  Dodge: Dodged            |    65 |    25 ||    90
